 Dungeon Crawl Stone Soup version 0.14-a0-426-gb52781e (webtiles) character file.

240 PolkaDot the Caller (level 4, 0/30 HPs)
             Began as a Vampire Summoner on Oct 28, 2013.
             Slain by a grey rat (2 damage)
             ... on Level 3 of the Dungeon.
             The game lasted 00:09:50 (2779 turns).

PolkaDot the Caller (Vampire Summoner)              Turns: 2779, Time: 00:09:50

HP   0/30        AC  3     Str  7      XL: 4   Next: 43%
MP   9/9         EV 12     Int 18      God:
Gold 142         SH  0     Dex 14      Spells:  3 memorised,  1 level left

Res.Fire  : + . .   See Invis. : +   m - +0,+1 dagger (vamp)
Res.Cold  : . . .   Warding    : .   a - +0 robe
Life Prot.: . . .   Conserve   : .   (no shield)
Res.Poison: .       Res.Corr.  : .   (no helmet)
Res.Elec. : .       Clarity    : .   x - +0 cloak
Sust.Abil.: . .     Spirit.Shd : .   (no gloves)
Res.Mut.  : .       Stasis     : .   (no boots)
Res.Rott. : .       Flight     : .   o - amulet of the gourmand {unknown}
Saprovore : . . .                    t - ring of protection from cold {unknown}
                                     l - ring of fire

@: regenerating quickly, slightly resistant to hostile enchantments, stealthy
A: fangs 3, see invisible, unbreathing
a: no special abilities


You were on level 3 of the Dungeon.
You were full.

You visited 1 branch of the dungeon, and saw 3 of its levels.

You collected 122 gold pieces.

Inventory:

Hand weapons
 m - a +0,+1 vampiric dagger (weapon)
Armour
 a - a +0 robe (worn)
 x - a +0 cloak (worn)
Magical devices
 v - a wand of random effects (16) {unknown}
Scrolls
 c - a scroll of curse jewellery {unknown}
 e - a scroll of enchant weapon I {unknown}
 g - 2 scrolls of recharging {unknown}
 j - a scroll of fear {unknown}
 k - 2 scrolls of teleportation {unknown}
 p - a scroll of noise {unknown}
 s - a scroll of magic mapping {unknown}
 u - a scroll of curse weapon {unknown}
 y - a scroll of identify {unknown}
Jewellery
 l - a ring of fire (left hand)
 o - an amulet of the gourmand (around neck) {unknown}
 t - a ring of protection from cold (right hand) {unknown}
Potions
 d - a potion of degeneration {unknown}
 f - a potion of magic {unknown}
 h - a potion of curing {unknown}
 i - a potion of restore abilities {unknown}
 n - a potion of beneficial mutation {unknown}
 q - a potion of confusion {unknown}
 r - 2 potions of speed {unknown}
 w - a potion of cure mutation {unknown}
Books
 b - a book of Callings

   Spells                             Type                      Level
   *Summon Small Mammal               Summoning                    1
   *Call Imp                          Summoning                    2
   *Call Canine Familiar              Summoning                    3
   Summon Scorpions                   Summoning/Poison             4
   Summon Ice Beast                   Ice/Summoning                4


   Skills:
 - Level 2.1 Dodging
 - Level 3.0 Stealth
 + Level 2.4 Spellcasting
 * Level 5.3 Summonings


You had one spell level left.
You knew the following spells:

 Your Spells              Type           Power        Failure   Level  Hunger
c - Call Canine Familiar  Summ           ###.......   10%         3    ###....
x - Call Imp              Summ           ###.......   3%          2    ##.....
z - Summon Small Mammal   Summ           ###.         1%          1    #......


Dungeon Overview and Level Annotations

Branches:
Dungeon (3/27)

Altars:
Fedhas
Xom

Portals:
Sewer: D:3


Innate Abilities, Weirdness & Mutations

Your natural rate of healing is unusually fast.
You have razor-sharp teeth.*
You have supernaturally acute eyesight.
You can survive without breathing.*


Message History

The kobold hits you. The grey rat closely misses you.
You closely miss the kobold.
The kobold is moderately wounded.
The grey rat bites you. The kobold hits you.
* * * LOW HITPOINT WARNING * * *
The grey rat bites you.
* * * LOW HITPOINT WARNING * * *
You hit the kobold.
You kill the kobold!
The grey rat closely misses you. The grey rat closely misses you.
Things that are here:
a dart; a kobold corpse You barely miss the grey rat.
Your bite misses the grey rat. The grey rat bites you.
* * * LOW HITPOINT WARNING * * *
You closely miss the grey rat. The grey rat bites you.
* * * LOW HITPOINT WARNING * * *
You barely miss the grey rat. The grey rat bites you.
You die...

.......'.<.......................
.......#...#.....................
.......#####.....................
.......# #...########...####...
.......#####..........#... #...
.......................... #...
...##..................... #...
...##...........r......... #...
#####...........@......... #...
#..................... #...
##########.......... #...
#.#........ #... #.#...≈≈≈.. #...
#.#..≈≈≈≈≈ #... #.#..≈≈∩≈ ####
#....≈≈≈ ###..


You could see a grey rat.

Vanquished Creatures
  2 adders (D:2)
  A giant gecko (D:1)
  An orc (D:3)
  A ball python (D:3)
  4 bats
  4 giant cockroaches
  8 hobgoblins
  2 quokkas
  3 giant newts (D:2)
  6 goblins
  10 kobolds
  8 rats
50 creatures vanquished.

Vanquished Creatures (collateral kills)
  An iguana (D:3)
  A worm (D:3)
  A giant cockroach (D:3)
  2 goblins (D:1)
  A hobgoblin (D:1)
  5 kobolds (D:1)
  A rat (D:3)
12 creatures vanquished.

Vanquished Creatures (others)
  A quokka (D:1)
  A bat (D:1)
2 creatures vanquished.

Grand Total: 64 creatures vanquished

Notes
Turn   | Place    | Note
--------------------------------------------------------------
     0 | D:1      | PolkaDot, the Vampire Summoner, began the quest for the Orb.
     0 | D:1      | Reached XP level 1. HP: 13/13 MP: 4/4
   324 | D:1      | Reached XP level 2. HP: 11/19 MP: 5/5
   332 | D:1      | Learned a level 2 spell: Call Imp
  1552 | D:1      | Reached XP level 3. HP: 15/24 MP: 7/7
  1806 | D:2      | Reached skill level 5 in Summonings
  1928 | D:2      | Found a blossoming altar of Fedhas.
  2263 | D:3      | Found a shimmering altar of Xom.
  2285 | D:3      | Learned a level 3 spell: Call Canine Familiar
  2305 | D:3      | Reached XP level 4. HP: 30/30 MP: 9/9
  2480 | D:3      | HP: 1/30 [iguana (14)]
  2759 | D:3      | Found a glowing drain.
  2779 | D:3      | Slain by a grey rat

Action                   |  1- 3 |  4- 6 || total
-------------------------+-------+-------++-------
Melee: Club              |    25 |       ||    25
       Unarmed           |     6 |       ||     6
       Whip              |    69 |       ||    69
       Dagger            |    66 |    62 ||   128
 Cast: Summon Small Mamm |     9 |       ||     9
       Call Imp          |     7 |     1 ||     8
       Call Canine Famil |       |     2 ||     2
 Stab: Sleeping          |     4 |       ||     4
       Confused          |     1 |       ||     1
